[ AOE2 MATCH · #507206814 ]
UnrankedByzantines vs Teutons
Player's team · LOSS
Rival team · WIN
[ REPLAY ANALYSIS · EXTRACTED FROM THE RECORDED GAME ]
Feudal
11:59
Castle
25:04
Imperial
—
| APM avg | 60.3 |
| APM peak | 87 |
| eAPM avg | 26.7 |
| Villagers / military | 81 / 6 |
Focus
⚔️ 27.1% · 🌾 72.9%
Fishing Ship ×7 · Monk ×3 · Spearman ×3
Feudal
15:01
Castle
21:01
Imperial
—
| APM avg | 15.5 |
| APM peak | 44 |
| eAPM avg | 10.8 |
| Villagers / military | 45 / 25 |
Focus
⚔️ 27.7% · 🌾 72.3%
Teutonic Knight ×22 · Fishing Ship ×18 · Battering Ram ×3
Match map
Initial resources + every placement click. Lines = walls · curves = elevation contours. ◆ gold · ⬟ stone · ● berries · ✦ relic · ◌ wall gap
Your base· ✓ Closed at 25:04 · 92t walls · 1 gate(s)
DarkAngel2173's base· Open — unwalled flank
Smoothed initial terrain · ◌ = detected wall gap · hover for details
Inputs per minute
— SUMMER - - DarkAngel2173
Build order — SUMMER
First 150 of 192 actions detected
| 0:01 | Create | Villager (Male) |
| 0:01 | Create | Villager (Male) |
| 0:01 | Create | Villager (Male) |
| 0:02 | Create | Villager (Male) |
| 0:03 | Build | House |
| 0:05 | Build | House |
| 1:30 | Create | Villager (Male) |
| 1:49 | Build | Lumber Camp |
| 1:55 | Create | Villager (Male) |
| 1:55 | Create | Villager (Male) |
| 2:29 | Create | Villager (Male) |
| 2:29 | Create | Villager (Male) |
| 2:58 | Create | Villager (Male) |
| 2:58 | Create | Villager (Male) |
| 3:12 | Create | Villager (Male) |
| 3:12 | Create | Villager (Male) |
| 3:13 | Create | Villager (Male) |
| 3:34 | Build | House |
| 3:37 | Build | House |
| 3:42 | Create | Villager (Male) |
| 3:59 | Create | Villager (Male) |
| 4:28 | Create | Villager (Male) |
| 4:40 | Build | Palisade Wall |
| 5:04 | Create | Villager (Male) |
| 5:05 | Create | Villager (Male) |
| 5:09 | Build | Dock |
| 5:22 | Build | Palisade Wall |
| 5:36 | Create | Villager (Male) |
| 5:36 | Create | Villager (Male) |
| 5:52 | Create | Fishing Ship |
| 5:55 | Build | Palisade Wall |
| 6:10 | Build | House |
| 6:25 | Create | Villager (Male) |
| 6:25 | Create | Villager (Male) |
| 6:27 | Create | Villager (Male) |
| 6:28 | Create | Villager (Male) |
| 7:19 | Build | Palisade Wall |
| 7:20 | Create | Villager (Male) |
| 7:20 | Create | Villager (Male) |
| 7:20 | Create | Villager (Male) |
| 7:20 | Create | Villager (Male) |
| 7:26 | Create | Villager (Male) |
| 7:26 | Create | Villager (Male) |
| 7:26 | Create | Villager (Male) |
| 7:46 | Create | Villager (Male) |
| 7:46 | Create | Villager (Male) |
| 7:46 | Create | Villager (Male) |
| 7:49 | Create | Villager (Male) |
| 7:50 | Create | Villager (Male) |
| 7:53 | Build | Mill |
| 8:01 | Create | Fishing Ship |
| 8:02 | Create | Fishing Ship |
| 8:10 | Create | Villager (Male) |
| 8:10 | Create | Villager (Male) |
| 8:28 | Create | Villager (Male) |
| 8:28 | Create | Villager (Male) |
| 8:30 | Create | Fishing Ship |
| 8:44 | Create | Villager (Male) |
| 8:44 | Create | Villager (Male) |
| 9:00 | Build | Palisade Wall |
| 9:03 | Create | Villager (Male) |
| 9:19 | Research | Loom |
| 9:49 | Research | Feudal Age |
| 9:58 | Build | Lumber Camp |
| 10:22 | Create | Villager (Male) |
| 10:32 | Create | Villager (Male) |
| 10:43 | Build | Barracks |
| 10:47 | Build | Palisade Wall |
| 11:02 | Create | Villager (Male) |
| 11:05 | Build | House |
| 11:22 | Build | House |
| 11:58 | Build | Palisade Wall |
| 11:59 | Age | Feudal Age |
| 12:05 | Research | Double-Bit Axe |
| 12:09 | Build | Gate |
| 12:10 | Create | Spearman |
| 12:11 | Create | Spearman |
| 12:15 | Create | Villager (Male) |
| 12:27 | Build | House |
| 12:35 | Create | Villager (Male) |
| 12:47 | Create | Villager (Male) |
| 12:52 | Build | House |
| 12:58 | Build | Mining Camp |
| 13:05 | Create | Spearman |
| 13:15 | Create | Fishing Ship |
| 13:19 | Build | House |
| 13:57 | Build | Outpost |
| 14:01 | Create | Villager (Male) |
| 14:01 | Create | Villager (Male) |
| 14:07 | Build | House |
| 14:10 | Create | Fishing Ship |
| 14:17 | Create | Villager (Male) |
| 14:17 | Create | Villager (Male) |
| 14:18 | Create | Villager (Male) |
| 14:30 | Create | Villager (Male) |
| 14:40 | Build | House |
| 14:50 | Build | Watch Tower |
| 14:58 | Build | Farm |
| 14:59 | Build | Farm |
| 14:59 | Build | Farm |
| 14:59 | Build | Farm |
| 14:59 | Build | Farm |
| 14:59 | Build | Farm |
| 15:00 | Build | Farm |
| 15:00 | Build | Farm |
| 15:05 | Create | Villager (Male) |
| 15:29 | Create | Villager (Male) |
| 15:35 | Create | Villager (Male) |
| 15:36 | Create | Villager (Male) |
| 15:51 | Build | Watch Tower |
| 15:52 | Create | Villager (Male) |
| 15:57 | Build | Outpost |
| 16:02 | Create | Villager (Male) |
| 16:02 | Create | Villager (Male) |
| 16:03 | Create | Villager (Male) |
| 16:05 | Create | Villager (Male) |
| 16:05 | Create | Villager (Male) |
| 16:06 | Create | Villager (Male) |
| 16:36 | Create | Villager (Male) |
| 16:41 | Build | Blacksmith |
| 16:56 | Build | Watch Tower |
| 17:13 | Research | Fletching |
| 17:25 | Create | Villager (Male) |
| 17:27 | Build | Farm |
| 17:28 | Create | Villager (Male) |
| 17:28 | Create | Villager (Male) |
| 17:42 | Build | Farm |
| 17:43 | Create | Villager (Male) |
| 17:50 | Build | Watch Tower |
| 17:59 | Create | Villager (Male) |
| 18:00 | Build | Mining Camp |
| 18:20 | Create | Villager (Male) |
| 18:44 | Build | Palisade Wall |
| 18:44 | Build | Palisade Wall |
| 18:45 | Build | Palisade Wall |
| 18:45 | Build | Palisade Wall |
| 18:45 | Build | Palisade Wall |
| 19:04 | Build | Watch Tower |
| 19:11 | Build | Farm |
| 19:11 | Build | Farm |
| 19:11 | Build | Farm |
| 19:11 | Build | Farm |
| 19:11 | Build | Farm |
| 19:12 | Build | Farm |
| 19:13 | Create | Villager (Male) |
| 19:38 | Build | Watch Tower |
| 19:39 | Create | Villager (Male) |
| 20:05 | Research | Wheelbarrow |
| 20:13 | Create | Fishing Ship |
| 20:24 | Create | Villager (Male) |
Build order — DarkAngel2173
134 actions detected in the replay
| 0:02 | Create | Villager (Male) |
| 0:03 | Research | Loom |
| 0:03 | Create | Villager (Male) |
| 0:04 | Create | Villager (Male) |
| 0:04 | Create | Villager (Male) |
| 0:04 | Create | Villager (Male) |
| 0:06 | Build | House |
| 0:07 | Build | House |
| 0:10 | Build | House |
| 0:12 | Build | House |
| 1:46 | Create | Villager (Male) |
| 2:33 | Create | Villager (Male) |
| 3:01 | Create | Villager (Male) |
| 3:25 | Create | Villager (Male) |
| 3:26 | Create | Villager (Male) |
| 3:57 | Create | Villager (Male) |
| 4:18 | Build | Lumber Camp |
| 4:23 | Create | Villager (Male) |
| 4:57 | Create | Villager (Male) |
| 5:15 | Create | Villager (Male) |
| 5:26 | Build | House |
| 5:31 | Build | Dock |
| 5:45 | Build | Outpost |
| 6:01 | Build | Outpost |
| 6:14 | Create | Villager (Male) |
| 6:15 | Create | Villager (Male) |
| 6:47 | Build | Dock |
| 7:01 | Create | Villager (Male) |
| 7:13 | Create | Fishing Ship |
| 7:26 | Create | Villager (Male) |
| 7:27 | Create | Villager (Male) |
| 7:39 | Build | Mill |
| 7:49 | Create | Villager (Male) |
| 7:52 | Create | Fishing Ship |
| 8:24 | Build | Dock |
| 8:30 | Build | Outpost |
| 8:54 | Create | Villager (Male) |
| 9:12 | Create | Fishing Ship |
| 9:12 | Create | Fishing Ship |
| 9:13 | Create | Fishing Ship |
| 9:13 | Create | Fishing Ship |
| 9:23 | Create | Villager (Male) |
| 9:24 | Create | Villager (Male) |
| 9:30 | Build | House |
| 9:38 | Build | Mill |
| 10:13 | Build | Outpost |
| 10:22 | Build | Dock |
| 10:27 | Create | Villager (Male) |
| 10:28 | Create | Villager (Male) |
| 10:29 | Create | Villager (Male) |
| 10:44 | Create | Fishing Ship |
| 10:51 | Create | Fishing Ship |
| 11:00 | Build | House |
| 11:05 | Build | House |
| 11:18 | Create | Fishing Ship |
| 11:43 | Create | Fishing Ship |
| 11:53 | Create | Villager (Male) |
| 11:58 | Create | Fishing Ship |
| 12:15 | Create | Fishing Ship |
| 12:26 | Create | Villager (Male) |
| 12:37 | Build | Mining Camp |
| 12:41 | Research | Feudal Age |
| 12:49 | Build | House |
| 12:52 | Build | House |
| 12:54 | Build | House |
| 12:57 | Build | House |
| 14:20 | Create | Villager (Male) |
| 14:21 | Create | Villager (Male) |
| 14:21 | Create | Villager (Male) |
| 14:22 | Create | Villager (Male) |
| 14:22 | Create | Villager (Male) |
| 15:01 | Age | Feudal Age |
| 15:04 | Research | Horse Collar |
| 15:06 | Research | Gold Mining |
| 15:07 | Research | Stone Mining |
| 15:10 | Research | Double-Bit Axe |
| 15:13 | Research | Tech 906 |
| 15:21 | Research | Town Watch |
| 15:24 | Create | Fishing Ship |
| 15:24 | Create | Fishing Ship |
| 15:25 | Create | Fishing Ship |
| 15:46 | Create | Villager (Male) |
| 15:49 | Research | Town Watch |
| 15:54 | Create | Fishing Ship |
| 15:54 | Create | Fishing Ship |
| 16:06 | Create | Fishing Ship |
| 17:19 | Build | Lumber Camp |
| 17:33 | Build | Market |
| 17:37 | Build | Blacksmith |
| 17:56 | Create | Villager (Male) |
| 18:18 | Research | Castle Age |
| 19:16 | Build | Watch Tower |
| 19:18 | Research | Fletching |
| 20:26 | Create | Villager (Male) |
| 20:27 | Create | Villager (Male) |
| 20:27 | Create | Villager (Male) |
| 20:27 | Create | Villager (Male) |
| 20:28 | Create | Villager (Male) |
| 20:28 | Create | Villager (Male) |
| 21:01 | Age | Castle Age |
| 22:03 | Build | Mining Camp |
| 22:48 | Build | Castle |
| 23:10 | Build | Lumber Camp |
| 23:25 | Create | Villager (Male) |
| 23:25 | Create | Villager (Male) |
| 23:26 | Create | Villager (Male) |
| 23:26 | Create | Villager (Male) |
| 23:38 | Create | Teutonic Knight |
| 23:48 | Create | Teutonic Knight |
| 23:48 | Create | Teutonic Knight |
| 23:49 | Create | Teutonic Knight |
| 23:49 | Create | Teutonic Knight |
| 23:50 | Create | Teutonic Knight |
| 23:50 | Create | Teutonic Knight |
| 23:50 | Create | Teutonic Knight |
| 23:51 | Create | Teutonic Knight |
| 23:51 | Create | Teutonic Knight |
| 23:51 | Create | Teutonic Knight |
| 23:51 | Create | Teutonic Knight |
| 24:14 | Build | Siege Workshop |
| 24:20 | Create | Teutonic Knight |
| 24:21 | Create | Teutonic Knight |
| 24:34 | Create | Battering Ram |
| 24:34 | Create | Battering Ram |
| 24:35 | Create | Battering Ram |
| 25:54 | Create | Teutonic Knight |
| 25:55 | Create | Teutonic Knight |
| 25:55 | Create | Teutonic Knight |
| 25:55 | Create | Teutonic Knight |
| 25:56 | Create | Teutonic Knight |
| 25:56 | Create | Teutonic Knight |
| 25:56 | Create | Teutonic Knight |
| 25:57 | Create | Teutonic Knight |
| 26:33 | Build | Castle |
Match timeline
| 4:40 | SUMMER · wall_segment Palisade Wall x8 |
| 5:09 | SUMMER · first_building Dock |
| 5:22 | SUMMER · wall_segment Palisade Wall x2 |
| 5:31 | DarkAngel2173 · first_building Dock |
| 5:55 | SUMMER · wall_segment Palisade Wall x5 |
| 7:19 | SUMMER · wall_segment Palisade Wall x11 |
| 9:00 | SUMMER · wall_segment Palisade Wall x11 |
| 10:43 | SUMMER · first_building Barracks |
| 10:47 | SUMMER · wall_segment Palisade Wall x11 |
| 11:58 | SUMMER · wall_segment Palisade Wall x8 |
| 11:59 | SUMMER · age_up feudal |
| 15:01 | DarkAngel2173 · age_up feudal |
| 18:17 | DarkAngel2173 · first_market_sell 100 food |
| 18:44 | SUMMER · wall_segment Palisade Wall x1 |
| 18:44 | SUMMER · wall_segment Palisade Wall x1 |
| 18:45 | SUMMER · wall_segment Palisade Wall x2 |
| 18:45 | SUMMER · wall_segment Palisade Wall x1 |
| 18:45 | SUMMER · wall_segment Palisade Wall x1 |
| 21:01 | DarkAngel2173 · age_up castle |
| 21:59 | SUMMER · wall_segment Stone Wall x1 |
| 22:04 | SUMMER · wall_segment Stone Wall x1 |
| 22:15 | SUMMER · wall_segment Stone Wall x1 |
| 22:18 | SUMMER · wall_segment Stone Wall x1 |
| 22:34 | SUMMER · wall_segment Stone Wall x1 |
| 22:47 | SUMMER · wall_segment Stone Wall x1 |
| 22:48 | DarkAngel2173 · first_building Castle |
| 23:20 | SUMMER · wall_segment Stone Wall x9 |
| 23:29 | SUMMER · wall_segment Stone Wall x3 |
| 23:36 | SUMMER · wall_segment Stone Wall x5 |
| 23:58 | SUMMER · wall_segment Stone Wall x8 |
| 24:14 | DarkAngel2173 · first_building Siege Workshop |
| 24:46 | SUMMER · wall_segment Stone Wall x1 |
| 25:04 | SUMMER · age_up castle |
| 25:10 | SUMMER · first_building Stable |
| 25:14 | SUMMER · first_building Monastery |
| 26:27 | SUMMER · first_market_sell 100 food |
| 26:35 | SUMMER · first_market_buy 100 stone |
| 26:40 | SUMMER · first_building Siege Workshop |
| 27:35 | SUMMER · resign |
[ AI ANALYSIS · 1 CREDIT ]
What really happened in this match?
Wolo.gg analyzes every decision: build order, eco, micro, common mistakes by bracket. Personalized analysis on WhatsApp or Discord in 30 seconds.
Civ guide
Byzantines
Perfil
Jugador #25845906